 Dungeon Crawl Stone Soup version 0.31.0-9-g3a7656b989 (webtiles) character file.

Game seed: 8558086811166077412

62268 Anriel the Carver (level 14, -15/119 HPs)
             Began as a Demigod Gladiator on Jan 18, 2024.
             Demolished by an ice devil (19 damage)
             ... summoned by an orc high priest
             ... on level 2 of the Orcish Mines on Jan 25, 2024.
             The game lasted 01:51:02 (18575 turns).

Anriel the Carver (Demigod Gladiator)              Turns: 18575, Time: 01:51:02

Health: -15/119    AC: 29    Str: 15    XL:     14   Next: 26%
Magic:  0/17       EV: 13    Int: 10    God:
Gold:   251        SH:  0    Dex: 37    Spells: 13/13 levels left

rFire   . . .        x - +3 great sword (venom)
rCold   . . .        (shield currently unavailable)
rNeg    . . .        F - +2 plate armour {rPois}
rPois   +            c - +1 helmet
rElec   .            d - +2 cloak {rPois}
rCorr   .            s - +0 pair of gloves
SInv    +            i - +4 pair of boots "Qeor" {rPois}
Will    +....        K - amulet of guardian spirit Stlth
                     N - ring of see invisible
HPRegen 0.39/turn    J - +6 ring of dexterity
MPRegen 0.15/turn

%: guardian spirit
@: silenced
A: high MP 1, forlorn, divine attributes
a: no special abilities


You were on level 2 of the Orcish Mines.
You visited 3 branches of the dungeon, and saw 18 of its levels.
You visited 1 bazaar.
You also visited: Ossuary.

You collected 1382 gold pieces.
You spent 1131 gold pieces at shops.

Inventory:

Hand Weapons
 a - a +1 spectral long sword
 x - a +3 great sword of venom (weapon)
 L - a +1 scimitar of flaming
 P - the +5 falchion "Entirec" {antimagic, *Slow rC+ Int+3 SInv}
   (You found it on level 9 of the Dungeon)

   Int+3:     It affects your intelligence (+3).
   rC+:       It protects you from cold.
   SInv:      It lets you see invisible.
   *Slow:     It may slow you when you take damage.
Missiles
 k - a throwing net
 A - a javelin (quivered)
Armour
 c - a +1 helmet (worn)
 d - a +2 cloak of poison resistance (worn)
 i - the +4 pair of boots "Qeor" (worn) {rPois}
   (You bought it in a shop on level 10 of the Dungeon)

   rPois:     It protects you from poison
 s - a +0 pair of gloves (worn)
 F - a +2 plate armour of poison resistance (worn)
Jewellery
 p - a ring of resist corrosion
 J - a +6 ring of dexterity (right hand)
 K - an amulet of guardian spirit (around neck)
 N - a ring of see invisible (left hand)
Wands
 q - a wand of quicksilver (2)
 H - a wand of charming (16)
 M - a wand of polymorph (11)
Scrolls
 b - a scroll of enchant armour
 l - 3 scrolls of fog
 w - 2 scrolls of poison
 U - 4 scrolls of identify
Potions
 f - 2 potions of resistance
 o - 7 potions of curing
 v - a potion of invisibility
 D - 5 potions of enlightenment
 I - 2 potions of mutation
Miscellaneous
 Y - a phantom mirror


   Skills:
 + Level 9.7 Fighting
 * Level 11.4 Long Blades
 - Level 10.0 Throwing
 + Level 10.2 Armour
 - Level 10.0 Dodging
 - Level 10.0 Evocations


You had 13 spell levels left.
You didn't know any spells.
Your spell library contained the following spells:

 Spells                   Type           Power      Damage    Failure   Level
 Apportation              Tloc           0%         N/A       100%        1
 Necrotise                Necr           0%         1d4       100%        1
 Shock                    Conj/Air       0%         1d3       100%        1
 Sting                    Conj/Alch      0%         1d3       100%        1
 Summon Small Mammal      Summ           0%         N/A       100%        1
 Hailstorm                Conj/Ice       0%         3d5       100%        3
 Stone Arrow              Conj/Erth      0%         3d7       100%        3
 Summon Ice Beast         Ice/Summ       0%         N/A       100%        3
 Swiftness                Air            0%         N/A       100%        3
 Vampiric Draining        Necr           0%         2d6       100%        3
 Airstrike                Air            0%         2d(0-16)  100%        4
 Animate Armour           Summ/Erth      0%         N/A       100%        4
 Martyr's Knell           Necr/Summ      0%         N/A       100%        4
 Vhi's Electric Charge    Tloc/Air       0%         N/A       100%        4
 Arcjolt                  Conj/Air       0%         1d10      100%        5
 Curse of Agony           Necr           0%         N/A       100%        5
 Sculpt Simulacrum        Ice/Alch       0%         N/A       100%        6
 Lehudib's Crystal Spear  Conj/Erth      0%         10d2      100%        8
 Maxwell's Capacitive Co  Air            0%         ∞         100%        8


Dungeon Overview and Level Annotations

Branches:
Dungeon (15/15)            Temple (1/1) D:4            Lair (0/5) D:10
    Orc (2/2) D:11         Vaults (0/5) D:13         Depths (0/4) D:15
Ossuary (visited)
    Elf: Orc:2

Shops:
D:7 =[[?*   D:10 [[   Orc:2 (:

Annotations:
D:10 3 runed translucent doors, TangoThomas's ghost, journeyman OnCA


Innate Abilities, Weirdness & Mutations

You have an increased reservoir of magic. (+10% MP)
You shall have no god before yourself.
Your divine heritage dramatically boosts your attributes as you level up.


Message History

The sun demon hits you but does no damage.
The warg bites your orc warrior!!
Your orc warrior dies!
The sun demon attacks as it pursues you!
The sun demon misses you.
The sun demon attacks as it pursues you!
The sun demon hits you!
You are engulfed in flames!
The orc priest begins to cast a cantrip, but forgets the words!
As you read the scroll of silence, it crumbles to dust.
A profound silence engulfs you. The sun demon closely misses you.
The sun demon hits you but does no damage.
The sun demon hits you!
You are engulfed in flames!
An ogre mage comes into view. It is wielding a +0 club.
You slash the ogre!
The ogre looks as sick as possible!
The ogre is heavily wounded.
The ogre closely misses you.
The sun demon hits you but does no damage.
A two-headed ogre comes into view.
It is wielding a +0 giant club and a +0 giant spiked club.
The sun demon closely misses you.
An orc comes into view. It is wielding a +0 short sword.
You slice the ogre!!
You kill the ogre!
The sun demon hits you.
* * * LOW HITPOINT WARNING * * *
You are engulfed in flames!
* * * LOW HITPOINT WARNING * * *
The warg closely misses you.
The sun demon hits you but does no damage.
The sun demon hits you.
* * * LOW HITPOINT WARNING * * *
You are engulfed in flames!
* * * LOW HITPOINT WARNING * * *
Magic scrolls do not work when you're silenced!
Okay, then.
Okay, then.
The warg bites you but does no damage. The warg closely misses you.
The ice devil hits you.
* * * LOW HITPOINT WARNING * * *
The ice devil freezes you!!
You die...

........................≈≈≈...
..#..####.#.......#.#..~≈≈≈≈..
..#.# #................∩≈≈.#
## #.#............~~≈≈≈##
#..............#≈≈≈###
##.##............#### #
#....o........#.##
.#####..)4.....#...##
...O8o.O33@#.##.#.##
...O..o.Oh####....##
...OO.Oo.h.# ##....#
.O.oo.##....# ###..## ....8
###.## #..<# .### ## #...#
##.## ###


You could see an orc knight, an orc high priest (strong), 5 two-headed ogres, an
ogre mage, 2 sun demons, an ice devil (summoned), 2 wargs, an orc warrior
(strong), an ogre, an orc priest (strong), an orc wizard (strong) and an orc
(strong).

Vanquished Creatures
  Rupert (D:14)
  Roxanne (D:15)
  Nessos (D:15)
  A quicksilver dragon zombie (D:15)
  Josephine (D:14)
  3 vault guards (D:13)
  A hydra (D:15)
  7 centaur warriors
  6 two-headed ogres
  Erica (D:8)
  3 boulder beetles
  The ghost of Beluga the Fighter, a novice DjCj of Ashenzari (D:9)
  3 tengu warriors
  A vampire mage (D:15)
  A storm dragon zombie (D:15)
  13 skeletal warriors
  An arcanist (D:15)
  4 deep elf pyromancers
  A necromancer (D:15)
  An orc sorcerer (Orc:1)
  14 ugly things
  A wolf spider (D:14)
  2 manticores (D:15)
  4 kobold blastminers (Orc:2)
  2 centaur zombies (D:11)
  A gargoyle (D:12)
  2 unseen horrors (D:10)
  3 komodo dragons
  Maggie (D:8)
  5 trolls
  Grinder (D:6)
  A meliai zombie (D:11)
  Sigmund (D:2)
  9 shadows
  9 wraiths
  2 vampires
  27 slime creatures
  7 humans (D:13)
  A yak (shapeshifter) (D:14)
  2 steam dragons (D:9)
  5 wargs
  25 yaks
  7 vampire mosquitoes
  An acid dragon (D:11)
  A water moccasin (D:7)
  2 ice beasts
  3 black bears
  9 orc warriors
  A sky beast (D:7)
  2 laughing skulls (D:13)
  4 ogres
  7 centaurs
  3 phantoms
  2 kobold brigands
  7 bullfrogs
  A gnoll sergeant (D:6)
  4 scorpions
  11 wights
  2 howler monkeys
  A jelly (D:6)
  A hound (D:5)
  A bombardier beetle (D:5)
  Crazy Yiuf (D:3)
  9 orc priests
  2 gnoll boudas
  An iguana (D:7)
  17 orc wizards
  8 mummies (Ossuary)
  5 adders
  16 gnolls
  A white imp (D:7)
  2 ufetubi (D:6)
  6 dart slugs
  2 ribbon worms
  52 orcs
  9 ball pythons
  5 bats
  3 endoplasms
  A giant cockroach (D:4)
  5 goblins
  8 hobgoblins
  A jackal (D:3)
  19 kobolds
  2 quokkas (D:2)
  6 frilled lizards
  A gnoll zombie (Ossuary)
  A hobgoblin zombie (Ossuary)
  3 kobold zombies (Ossuary)
  3 orc zombies (Ossuary)
  8 rats
444 creatures vanquished.

Vanquished Creatures (collateral kills)
  A hydra (D:14)
  2 orc warriors (Orc:1)
  2 orc priests (Orc:1)
  2 orcs (Orc:1)
7 creatures vanquished.

Vanquished Creatures (others)
  A vault guard (D:13)
  2 orc warriors
  4 spectral weapons
7 creatures vanquished.

Grand Total: 458 creatures vanquished

Notes
Turn   | Place    | Note
-------+----------+-------------------------------------------
     0 | D:1      | Anriel the Demigod Gladiator began the quest for the Orb.
     0 | D:1      | Reached XP level 1. HP: 17/17 MP: 3/3
   118 | D:1      | Reached skill level 3 in Long Blades
   118 | D:1      | Reached XP level 2. HP: 20/24 MP: 4/4
   128 | D:1      | Reached skill level 1 in Armour
   506 | D:1      | Reached XP level 3. HP: 28/29 MP: 5/5
   593 | D:2      | Noticed Sigmund
   656 | D:2      | Killed Sigmund
   657 | D:2      | Reached skill level 4 in Long Blades
   657 | D:2      | Reached XP level 4. HP: 37/37 MP: 6/6
   657 | D:2      | Reached XP level 5. HP: 44/44 MP: 7/7
  1552 | D:3      | Found a runed translucent door.
  1553 | D:3      | Noticed Crazy Yiuf
  1560 | D:3      | Killed Crazy Yiuf
  2204 | D:4      | Reached XP level 6. HP: 21/51 MP: 8/8
  2204 | D:4      | Found a staircase to the Ecumenical Temple.
  2299 | Temple   | Entered the Ecumenical Temple
  2550 | D:4      | Reached skill level 5 in Long Blades
  2768 | D:5      | Entered Level 5 of the Dungeon
  2929 | D:5      | Reached XP level 7. HP: 50/58 MP: 9/9
  3086 | D:5      | Found a sand-covered staircase.
  3105 | Ossuary  | Entered an ossuary
  3568 | D:5      | Noticed a yak
  3569 | D:5      | Noticed a yak
  3570 | D:5      | Noticed a yak
  3570 | D:5      | Noticed a yak
  3578 | D:5      | Noticed a yak
  3603 | D:5      | Killed a yak
  3604 | D:5      | Reached skill level 5 in Armour
  3652 | D:5      | HP: 2/59 [yak (7)]
  3667 | D:5      | Killed a yak
  3676 | D:5      | Killed a yak
  3677 | D:5      | Reached skill level 5 in Fighting
  3677 | D:5      | Reached XP level 8. HP: 8/68 MP: 10/10
  3703 | D:5      | Reached skill level 5 in Dodging
  3703 | D:5      | Reached skill level 1 in Evocations
  4148 | D:6      | Noticed Grinder
  4149 | D:6      | Paralysed by Grinder for 3 turns
  4164 | D:6      | Killed Grinder
  4600 | D:6      | Reached skill level 5 in Evocations
  4600 | D:6      | Reached XP level 9. HP: 49/74 MP: 11/11
  5041 | D:7      | Found Rash's Armour Boutique.
  5050 | D:7      | Bought a +2 plate armour of poison resistance for 407 gold
                  | pieces
  5196 | D:7      | Found Unol's Magic Scroll Boutique.
  5257 | D:7      | Bought a scroll of identify for 30 gold pieces
  5257 | D:7      | Bought a scroll of identify for 30 gold pieces
  5257 | D:7      | Bought a scroll of identify for 30 gold pieces
  5275 | D:7      | Found Wycwumasm's Armour Shop.
  5297 | D:7      | Found Momesh's Jewellery Emporium.
  5568 | D:7      | Reached skill level 6 in Long Blades
  5573 | D:7      | Found Cuesm's Assorted Antiques.
  5585 | D:7      | Bought a scroll labelled ETRENK VA EXO for 28 gold pieces
  5585 | D:7      | Bought a scroll labelled PUAREIROMA for 28 gold pieces
  5696 | D:8      | Noticed Maggie
  5710 | D:8      | Killed Maggie
  5711 | D:8      | Reached skill level 5 in Throwing
  5883 | D:8      | Noticed Erica
  5891 | D:8      | Killed Erica
  6088 | D:8      | Reached skill level 7 in Long Blades
  6092 | D:8      | Reached XP level 10. HP: 65/81 MP: 13/13
  6520 | D:8      | Reached skill level 8 in Long Blades
  6886 | D:9      | Found a runed translucent gate.
  6951 | D:9      | Found a runed translucent gate.
  6951 | D:9      | Found a runed translucent gate.
  6961 | D:9      | Noticed Beluga's ghost (novice DjCj)
  6963 | D:9      | Identified the +0 chain mail of the Saviour {rElec Str-2
                  | Dex+6 Stlth-}
  7099 | D:9      | Found a transporter.
  7103 | D:9      | Found a transporter.
  7105 | D:9      | Found a transporter.
  7109 | D:9      | Found a transporter.
  7161 | D:9      | Identified the +5 falchion "Entirec" {antimagic, *Slow rC+
                  | Int+3 SInv}
  7678 | D:9      | Killed Beluga's ghost
  7781 | D:10     | Entered Level 10 of the Dungeon
  7781 | D:10     | Found Ocec's Antique Armour Emporium.
  7794 | D:10     | Reached XP level 11. HP: 51/86 MP: 7/14
  7796 | D:10     | Reached skill level 9 in Long Blades
  7903 | D:10     | Found a runed translucent gate.
  7903 | D:10     | Found a runed translucent gate.
  7917 | D:10     | Found a runed translucent gate.
  7917 | D:10     | Noticed TangoThomas's ghost (journeyman OnCA)
  8016 | D:10     | Found Apollo's Dragon-Slaying Spoils.
  8081 | D:10     | Noticed a two-headed ogre
  8089 | D:10     | Killed a two-headed ogre
  8230 | D:10     | Found a staircase to the Lair.
  8721 | D:11     | Reached skill level 10 in Armour
  8752 | D:11     | Found a staircase to the Orcish Mines.
  8780 | D:11     | Reached skill level 10 in Long Blades
  8825 | D:11     | Noticed a two-headed ogre
  8835 | D:11     | Killed a two-headed ogre
  9285 | D:12     | Noticed a deep elf pyromancer
  9296 | D:12     | Killed a deep elf pyromancer
  9795 | D:12     | Reached XP level 12. HP: 94/94 MP: 15/15
  9796 | D:12     | Noticed a boulder beetle
  9825 | D:12     | Killed a boulder beetle
 10173 | D:12     | Identified the +2 leather armour "Moamy" {rN+ Will- Str+2}
 10347 | D:12     | You fall into a shaft and drop 3 floors!
 10347 | D:15     | Entered Level 15 of the Dungeon
 10348 | D:15     | Noticed a centaur warrior
 10408 | D:14     | Found a flickering gateway to a bazaar.
 10425 | Bazaar   | Entered a bazaar
 10427 | Bazaar   | Found Ymetso's Book Boutique.
 10432 | Bazaar   | Found Holel's Book Boutique.
 10432 | Bazaar   | Found Vuunav's Assorted Antiques.
 10432 | Bazaar   | Found Fugg's Weapon Boutique.
 10770 | D:13     | Noticed a centaur warrior
 10785 | D:13     | Killed a centaur warrior
 11635 | D:10     | Bought a pair of faintly glowing boots for 323 gold pieces
 11635 | D:10     | Identified the +4 pair of boots "Qeor" {rPois} (You bought
                  | it in a shop on level 10 of the Dungeon)
 11759 | D:13     | Reached skill level 10 in Dodging
 11980 | D:13     | Noticed a vault guard
 11981 | D:13     | Noticed a vault guard
 11982 | D:13     | Noticed a vault guard
 11984 | D:13     | Noticed a vault guard
 11989 | D:13     | Noticed a vault guard
 11990 | D:13     | Killed a vault guard
 12031 | D:13     | Noticed a centaur warrior
 12036 | D:13     | Noticed a centaur warrior
 12366 | D:13     | Killed a vault guard
 12370 | D:13     | Killed a vault guard
 12375 | D:13     | Killed a centaur warrior
 13098 | D:13     | Reached XP level 13. HP: 102/102 MP: 14/16
 13122 | D:13     | Found a gate to the Vaults.
 13669 | D:14     | Noticed Josephine
 13959 | D:14     | Reached skill level 10 in Evocations
 14357 | D:14     | Killed Josephine
 14585 | D:14     | Noticed Rupert
 15502 | D:14     | Killed Rupert
 15792 | D:15     | Noticed Nessos
 16743 | D:15     | Noticed Roxanne
 16753 | D:15     | Killed Nessos
 16892 | D:15     | Reached XP level 14. HP: 94/118 MP: 5/17
 17210 | D:15     | Killed Roxanne
 17488 | D:15     | Found a staircase to the Depths.
 17522 | D:15     | Reached skill level 11 in Long Blades
 17522 | D:15     | Reached skill level 10 in Throwing
 18089 | D:10     | Bought a glowing cloak for 255 gold pieces
 18209 | D:15     | Upgraded the game from 0.31-b1-22-gc680215f68 to
                  | 0.31.0-9-g3a7656b989
 18268 | Orc:1    | Entered Level 1 of the Orcish Mines
 18361 | Orc:1    | You fall into a shaft and drop 1 floor!
 18361 | Orc:2    | Entered Level 2 of the Orcish Mines
 18361 | Orc:2    | Found Jaophy's Weapon Shoppe.
 18420 | Orc:2    | Found Amaru's Book Shoppe.
 18575 | Orc:2    | HP: 4/119 [ice devil[an orc high priest] (4)]
 18575 | Orc:2    | Demolished by an ice devil

Illustrated notes

Levels and vault maps discovered:
D:1:      wander_arrival_fairy_ring, layout_basic,
          hellmonk_ecumenical_altar_pennies_from_heaven, roderic_roman_lattice
D:2:      layout_loops_ring, minmay_bisected, uniq_sigmund
D:3:      layout_loops_cross, minmay_misc_feat_roman, st_stairs_14,
          uniq_crazy_yiuf_cottage
D:4:      layout_loops_ring, hellmonk_sif_muna_bookshelves, kennysheep_mini,
          gammafunk_temple_overflow_pools, minmay_temple_entry_large_hall,
          serial_glass, glass_columns_b, glass_columns_b, glass_columns_a,
          glass_columns_a, glass_columns_c, glass_columns_a, feat_on_display,
          item_on_display_b, item_on_display_a, item_on_display_b
D:5:      layout_rooms, jmf_multi_god_temple2,
          nicolae_ossuary_entry_false_entrances
D:6:      layout_loops_ring, fedhas_altar_4, uniq_grinder
D:7:      layout_loops_ring, serial_shops, nicolae_diamond_shop, shop,
          kennysheep_little_box, nicolae_shop_overgrown_old_shop,
          nicolae_shop_gibbet_a_chance
D:8:      layout_cave_pods, uniq_erica, uniq_maggie
D:9:      layout_small_grid, okawaru_ov_weapons_minmay, lemuel_round_altar,
          biasface_ghost_orc_armoury, nicolae_transporter_circle
D:10:     layout_irregular_city, tso_oasis_becter,
          grunt_lair_entry_orc_guard_hut, gammafunk_ghost_ooze,
          nicolae_stop_n_shop_1, mumra_transporter_accident,
          nicolae_shop_dragon_depot
D:11:     layout_rooms, serial_undead, serial_undead_b, serial_undead_d,
          serial_undead_e, serial_undead_f
D:12:     layout_stronghold
D:13:     layout_roguey, ximxim_vaults_locker_room, serial_glass,
          glass_columns_b, glass_columns_a
D:14:     layout_gridville, nicolae_wwwww, serial_shops, bzr_entry_lakeside,
          nicolae_vehumet_altar_sigil, uniq_rupert, uniq_josephine
D:15:     gammafunk_depths_entry_grave, layout_loops_ring,
          minmay_misc_feat_cross, uniq_nessos, uniq_roxanne
Temple:   pdpol_scorched_temple
Orc:1:    layout_caves, serial_shops, shop
Orc:2:    grunt_orc_cross, layout_caves, nicolae_volcano_entry_hallway,
          serial_shops, nicolae_shop_gaudy_bauble, nicolae_shop_peninsula,
          nicolae_shop_waterfront

Skill      XL: |  1  2  3  4  5  6  7  8  9 10 11 12 13 14 |
---------------+-------------------------------------------+-----
Fighting       | 2 3 5 9 |  9.7
Long Blades    | 3 4 5 7 8 10 11 | 11.4
Armour         | 1 2 3 4 5 7 9 10 | 10.2
Dodging        | 3 4 5 6 8 10 | 10.0
Throwing       | 2 4 5 7 9 10 | 10.0
Evocations     | 5 6 9 10 | 10.0

Action                     |  1- 3 |  4- 6 |  7- 9 | 10-12 | 13-15 || total
---------------------------+-------+-------+-------+-------+-------++-------
  Melee: Long sword        |    90 |   177 |   331 |   348 |    74 ||  1020
         Punch             |     2 |     2 |     2 |    12 |     1 ||    19
         Scimitar          |       |       |       |   160 |       ||   160
         Falchion          |       |       |       |    18 |    57 ||    75
         Great sword       |       |       |       |    72 |   350 ||   422
  Throw: Javelin           |     2 |     3 |    10 |    11 |     2 ||    28
         Throwing net      |     2 |     1 |       |       |     2 ||     5
         Boomerang         |       |       |    21 |    83 |       ||   104
  Evoke: Wand              |       |     2 |    20 |     6 |     3 ||    31
    Use: Scroll            |       |    11 |    13 |     7 |     8 ||    39
         Potion            |       |       |     4 |     5 |     2 ||    11
   Stab: Held in net/web   |     2 |       |       |       |     3 ||     5
         Distracted        |       |       |     1 |    17 |     3 ||    21
 Armour: Leather armour    |    15 |       |       |       |       ||    15
         Chain mail        |    58 |   150 |   203 |   264 |       ||   675
         Plate armour      |       |       |    83 |    67 |   585 ||   735
         Swamp dragon scal |       |       |    16 |    65 |       ||    81
  Dodge: Dodged            |    39 |    65 |   172 |   360 |   330 ||   966
